 Dungeon Sprint DCSS version 0.21-a0-278-ga722497 (webtiles) character file.

2214 potatolord6000 the Cleaver (level 9, -6/92 HPs)
             Began as a Hill Orc Fighter on Sept 22, 2017.
             Was a Priest of Beogh.
             Mangled by a nine-headed hydra (7 damage)
             ... in the Dungeon (Sprint IX: "|||||||||||||||||||||||||||||").
             The game lasted 00:02:37 (496 turns).

potatolord6000 the Cleaver (Hill Orc Fighter)        Turns: 496, Time: 00:02:38

Health: -6/92      AC: 17    Str: 27    XL:     9   Next: 35%
Magic:  0/9        EV: 10    Int:  8    God:    Beogh [***...]
Gold:   15         SH: 18    Dex: 13    Spells: 8/8 levels left

rFire    . . .     SeeInvis .   m - +3 war axe (chop)
rCold    . . .     Gourm    .   c - +5 shield
rNeg     . . .     Faith    .   o - +2 chain mail
rPois    .         Spirit   .   (no helmet)
rElec    .         Reflect  .   (no cloak)
rCorr    .         Harm     .   a - +0 pair of gloves
MR       .....     NoTele   +   n - +0 pair of boots
Stlth    ..........             (no amulet)
HPRegen  0.25/turn              b - +3 ring of dexterity
MPRegen  0.11/turn              p - +2 ring of evasion

@: mighty, lethally poisoned (-6 -> -10)
A: no striking features
a: Smiting, Renounce Religion


You were in the Dungeon.
You worshipped Beogh.
Beogh was most pleased with you.
You were not hungry.

You visited 1 branch You collected 15 gold pieces.

Inventory:

Hand Weapons
 m - a +3 war axe of chopping (weapon)
Armour
 a - a +0 pair of gloves (worn)
 c - a +5 shield (worn)
 n - a +0 pair of boots (worn)
 o - a +2 chain mail (worn)
Jewellery
 b - a +3 ring of dexterity (left hand)
 p - a +2 ring of evasion (right hand)
Scrolls
 h - 3 scrolls of remove curse
 k - 3 scrolls of blinking
 l - 2 scrolls of amnesia
 s - a scroll of identify
Potions
 e - 5 potions of curing
 i - 4 potions of magic
 j - a potion of berserk rage
 q - a potion of resistance
 r - a potion of brilliance
Comestibles
 f - a bread ration


   Skills:
 + Level 12.7 Fighting
 + Level 13.3 Axes
 + Level 11.7 Armour
 + Level 11.8 Shields


You had 8 spell levels left.
You didn't know any spells.

Dungeon Overview and Level Annotations

Branches:
Dungeon (1/1)

Altars:
Cheibriados
Dithmenos
Elyvilon
Fedhas
Gozag
Hepliaklqana
Kikubaaqudgha
Makhleb
Nemelex Xobeh
Okawaru
Qazlal
Ru
Sif Muna
Trog
Uskayaw
Vehumet
Wu Jian
Xom
Yredelemnul
Zin
The Shining One
Beogh
Jiyva
Lugonu


Message History

The nine-headed hydra bites you!
* * * LOW HITPOINT WARNING * * *
The nine-headed hydra bites you but does no damage. x2
You block the nine-headed hydra's attack.
Unknown command.
Unknown command.
Unknown command.
Unknown command.
You feel very mighty all of a sudden.
You feel sick. The nine-headed hydra misses you.
The nine-headed hydra bites you but does no damage.
The nine-headed hydra bites you.
* * * LOW HITPOINT WARNING * * *
You block the nine-headed hydra's attack. x2
The nine-headed hydra bites you.
* * * LOW HITPOINT WARNING * * *
You block the nine-headed hydra's attack.
The nine-headed hydra closely misses you.
The nine-headed hydra bites you!
You die...

▓.▓.▓)▓
▓.▓.▓.▓
▓|▓.▓.▓
▓.▓.▓.▓
▓.▓.▓'▓
▓.▓.▓_▓
▓.▓.▓_▓
▓.▓.▓_▓
▓@▓.▓_▓
▓D▓.▓_▓
▓S▓.▓_▓
▓F▓.▓_▓
▓F▓.▓_▓
▓F▓.▓_▓
▓S▓.▓_▓
▓F▓.▓_▓
▓.▓_▓


You could see a nine-headed hydra, 2 spiny frogs, 2 water moccasins and 2
bullfrogs.

Vanquished Creatures
  A two-headed ogre (D)
  A manticore (D)
  A spiny frog (D)
  A komodo dragon (D)
  A yak (D)
  A black bear (D)
  A sky beast (D)
  2 big kobolds (D)
  A bullfrog (D)
  A killer bee (D)
  A crimson imp (D)
  An orc wizard (D)
  A hound (D)
  An iguana (D)
  A leopard gecko (D)
  2 orcs (D)
  A giant cockroach (D)
  A goblin (D)
  A hobgoblin (D)
  A ball python zombie (D)
  2 frilled lizards (D)
24 creatures vanquished.

Vanquished Creatures (others)
  2 spatial maelstroms (D)
2 creatures vanquished.

Grand Total: 26 creatures vanquished

Notes
Turn   | Place    | Note
-------+----------+-------------------------------------------
     0 | D        | potatolord6000 the Hill Orc Fighter began the quest for the Orb.
     0 | D        | Reached XP level 1. HP: 19/19 MP: 1/1
     0 | D        | Banished a spatial maelstrom
     3 | D        | Banished a spatial maelstrom
     8 | D        | Reached skill level 3 in Axes
   111 | D        | Noticed a crimson imp
   111 | D        | Noticed an orc wizard
   111 | D        | Noticed a sky beast
   115 | D        | Reached XP level 2. HP: 27/27 MP: 2/2
   116 | D        | Reached skill level 5 in Fighting
   116 | D        | Reached skill level 4 in Axes
   116 | D        | Reached skill level 5 in Shields
   116 | D        | Reached XP level 3. HP: 36/36 MP: 3/3
   120 | D        | Killed a sky beast
   120 | D        | Reached skill level 6 in Axes
   120 | D        | Reached XP level 4. HP: 45/45 MP: 4/4
   120 | D        | Reached XP level 5. HP: 51/51 MP: 5/5
   120 | D        | Reached skill level 7 in Axes
   131 | D        | Found a roughly hewn altar of Beogh.
   131 | D        | Found a snail-covered altar of Cheibriados.
   131 | D        | Found a shadowy altar of Dithmenos.
   131 | D        | Found a white marble altar of Elyvilon.
   131 | D        | Found a blossoming altar of Fedhas.
   131 | D        | Found an opulent altar of Gozag.
   132 | D        | Found a hazy altar of Hepliaklqana.
   133 | D        | Found a viscous altar of Jiyva.
   134 | D        | Found an ancient bone altar of Kikubaaqudgha.
   136 | D        | Became a worshipper of Beogh the Brigand
   138 | D        | Found a corrupted altar of Lugonu.
   139 | D        | Found a burning altar of Makhleb.
   140 | D        | Found a sparkling altar of Nemelex Xobeh.
   141 | D        | Found an iron altar of Okawaru.
   142 | D        | Found a stormy altar of Qazlal.
   143 | D        | Found a sacrificial altar of Ru.
   144 | D        | Found a deep blue altar of Sif Muna.
   145 | D        | Found a bloodstained altar of Trog.
   146 | D        | Found a hide-covered altar of Uskayaw.
   147 | D        | Found a radiant altar of Vehumet.
   148 | D        | Found an ornate altar of the Wu Jian Council.
   149 | D        | Found a shimmering altar of Xom.
   150 | D        | Found a basalt altar of Yredelemnul.
   151 | D        | Found a glowing silver altar of Zin.
   152 | D        | Found a glowing golden altar of the Shining One.
   206 | D        | Noticed a big kobold
   206 | D        | Noticed a black bear
   215 | D        | Reached * piety under Beogh
   215 | D        | Reached skill level 8 in Axes
   215 | D        | Reached XP level 6. HP: 61/61 MP: 6/6
   229 | D        | Reached skill level 9 in Axes
   233 | D        | Killed a black bear
   233 | D        | Reached ** piety under Beogh
   233 | D        | Reached XP level 7. HP: 68/70 MP: 7/7
   317 | D        | Noticed a two-headed ogre
   317 | D        | Noticed a manticore
   317 | D        | Noticed a yak
   322 | D        | Killed a two-headed ogre
   322 | D        | Reached skill level 11 in Axes
   322 | D        | Reached skill level 10 in Armour
   322 | D        | Reached skill level 10 in Shields
   322 | D        | Reached XP level 8. HP: 48/82 MP: 8/8
   330 | D        | Killed a manticore
   330 | D        | Reached skill level 12 in Axes
   334 | D        | Killed a yak
   334 | D        | Reached *** piety under Beogh
   346 | D        | Reached XP level 9. HP: 75/90 MP: 9/9
   475 | D        | Noticed a komodo dragon
   475 | D        | Noticed a spiny frog
   475 | D        | Noticed a spiny frog
   475 | D        | Noticed an eight-headed hydra
   481 | D        | Killed a komodo dragon
   487 | D        | Killed a spiny frog
   487 | D        | Reached **** piety under Beogh
   487 | D        | Reached skill level 13 in Axes
   490 | D        | Noticed a spiny frog
   496 | D        | HP: 1/92 [nine-headed hydra (6)]
   496 | D        | Mangled by a nine-headed hydra

Vault maps used:
D:        linesprint

Skill      XL: |  1  2  3  4  5  6  7  8  9 |
---------------+----------------------------+-----
Axes           | 3 4 6 8 9 11 12 13 | 13.3
Fighting       | 4 5 6 8 9 11 12 | 12.7
Shields        | 4 5 6 7 8 10 11 | 11.8
Armour         | 4 6 7 8 10 11 | 11.7

Action                   |  1- 3 |  4- 6 |  7- 9 || total
-------------------------+-------+-------+-------++-------
Melee: War axe           |    23 |    26 |    38 ||    87
Invok: Smiting           |       |       |     3 ||     3
  Use: Potion            |     2 |       |     7 ||     9
       Scroll            |       |       |     6 ||     6
 Stab: Invisible         |       |       |     1 ||     1
Armor: Scale mail        |    10 |       |       ||    10
       Chain mail        |       |    16 |    26 ||    42
Dodge: Dodged            |     7 |     7 |    18 ||    32
Block: Shield            |     7 |    18 |    46 ||    71

Table legend:
 A = Spawn XP
 B = Non-spawn XP
 C = Spawn XP percentage of total XP
 D = Spawn monster count
 E = Non-spawn monster count
 F = Spawn count percentage of total count
 G = Total turns spent on level
                    A         B        C        D         E        F      G
               +---------+---------+-------+---------+---------+-------+---------
         Total |       0 |    3164 |   0.0 |       0 |      24 |   0.0 |   496
               +---------+---------+-------+---------+---------+-------+---------
             D |       0 |    3164 |   0.0 |       0 |      24 |   0.0 |   496
               +---------+---------+-------+---------+---------+-------+---------
